Influenza vs Thunder
Created - October 23, 2019 at 19:14
Goals
|
| Influenza |
3 |
3 |
0 |
6 |
| Thunder |
0 |
1 |
2 |
3 |
|
Shots
|
| Influenza |
10 |
17 |
6 |
33 |
| Thunder |
12 |
11 |
24 |
47 |
|
1st period
1. Influenza , Justin Bailey 2 (Andre Burakovsky 2) at 2:54
2. Influenza , Bo Horvat 2 (Andre Burakovsky 3, Iiro Pakarinen 2) at 3:06
3. Influenza , Bo Horvat 3 (Dmitry Sinitsyn 1, Roland McKeown 1) at 4:46
Penalties :
No Penalty
2nd period
4. Influenza , Calvin de Haan 1 (Jake Guentzel 2, Jimmy Vesey 1) at 3:37 (PP)
5. Thunder , William Karlsson 1 (Eric Fehr 2, Dany Roussin 1) at 6:55 (PP)
6. Influenza , Anthony Mantha 1 (Calvin de Haan 1, Jimmy Vesey 2) at 10:21
7. Influenza , Andre Burakovsky 1 (Iiro Pakarinen 3, Bo Horvat 2) at 11:36
Penalties :
Jamie McGinn (TRO) for Hooking (Minor) at 3:26, Andre Burakovsky (VJB) for Holding (Minor) at 5:55, Anthony Mantha (VJB) for High sticking (Minor) at 6:07, Zach Stepan (TRO) for Hooking (Minor) at 12:25
3rd period
8. Thunder , David Wolf 1 (Trevor Lewis 1, Austin Wuthrich 1) at 13:08
9. Thunder , Trevor Lewis 1 (Justin Falk 1, David Wolf 1) at 19:17
Penalties :
Jesper Pettersson (TRO) for Hooking (Minor) at 4:33
Goalie Stats
Malcolm Subban (VJB), 44 saves from 47 shots - (0.936), W, 2-0-0, 60:00 minutes
Niklas Treutle (TRO), 12 saves from 16 shots - (0.750), L, 0-2-0, 23:37 minutes
Jussi Rynnas (TRO), 15 saves from 17 shots - (0.882), 36:23 minutes
Players Stats for Influenza
Player Name G A P +/- PIM S H SB GA TA FO MP PP MP PK MP
------------------------------------------------------------------------------------
Aaron Ekblad 0 0 0 2 0 2 1 1 0 3 0/0 25:22 2:33 0:00
Andre Burakovsky 1 2 3 3 2 3 2 0 0 0 0/1 14:00 0:00 0:00
Anthony Mantha 1 0 1 0 2 3 5 1 1 2 0/0 19:13 0:41 0:11
Bo Horvat 2 1 3 3 0 2 3 0 0 0 8/14 15:43 1:37 0:00
Calvin de Haan 1 1 2 1 0 5 2 5 2 2 0/0 30:22 2:33 1:33
Dmitry Sinitsyn 0 1 1 0 0 0 0 2 0 0 0/0 14:47 0:00 0:38
Iiro Pakarinen 0 2 2 3 0 2 0 0 0 0 0/0 16:32 2:32 0:00
Jacob Josefson 0 0 0 0 0 1 0 0 0 0 4/5 10:11 0:00 0:24
Jake Guentzel 0 1 1 0 0 3 1 0 2 0 21/34 20:51 2:32 0:00
Jimmy Vesey 0 2 2 0 0 6 1 0 1 0 2/6 21:25 2:32 0:34
Justin Bailey 1 0 1 0 0 3 4 0 0 0 0/0 10:30 0:56 0:00
Kasperi Kapanen 0 0 0 0 0 0 0 0 0 1 0/0 12:22 0:41 0:00
Lucas Lessio 0 0 0 0 0 1 1 0 1 0 0/0 11:12 0:56 0:37
Nick Ritchie 0 0 0 0 0 1 1 0 1 0 0/1 11:45 0:00 0:00
Paul Ladue 0 0 0 1 0 1 1 2 0 0 0/0 23:43 1:36 0:38
Roland McKeown 0 1 1 1 0 0 0 1 0 0 0/0 1:57 0:00 0:00
Tim Erixon 0 0 0 1 0 0 0 1 0 0 0/0 23:32 1:36 1:33
Zac Dalpe 0 0 0 0 0 0 0 2 0 1 5/11 13:32 0:00 1:47
Players Stats for Thunder
Player Name G A P +/- PIM S H SB GA TA FO MP PP MP PK MP
------------------------------------------------------------------------------------
Artur Gavrus 0 0 0 0 0 0 0 0 0 0 0/0 0:46 0:00 0:46
Austin Poganski 0 0 0 -1 0 0 3 0 0 0 0/0 14:55 0:00 0:00
Austin Wuthrich 0 1 1 0 0 2 1 0 0 0 0/2 17:24 0:31 0:00
Colby Cave 0 0 0 0 0 0 0 0 0 0 0/0 0:00 0:00 0:00
Dany Roussin 0 1 1 -2 0 4 0 0 0 0 0/1 20:20 1:40 2:30
David Wolf 1 1 2 0 0 10 3 0 1 0 0/1 18:10 0:31 0:46
Derek Forbort 0 0 0 1 0 0 1 1 0 1 0/0 12:02 0:00 0:00
Emil Johansson 0 0 0 0 0 0 0 0 0 0 0/0 0:00 0:00 0:00
Eric Fehr 0 1 1 -2 0 1 3 1 3 1 1/4 23:39 1:40 2:30
Gianluca Curcuruto 0 0 0 0 0 0 0 1 0 0 0/0 6:26 0:00 0:00
Jamie McGinn 0 0 0 -1 2 8 4 0 0 1 0/0 14:54 0:00 0:00
Jesper Pettersson 0 0 0 0 2 1 0 0 0 0 0/0 6:29 0:00 0:00
Joey Ryan 0 0 0 -2 0 2 0 1 0 1 0/0 17:41 0:27 1:08
Jordan Weal 0 0 0 0 0 0 0 0 0 0 2/4 5:42 0:00 0:00
Josh Manson 0 0 0 -2 0 1 0 2 0 1 0/0 23:51 1:44 3:01
Justin Falk 0 1 1 -2 0 4 4 2 0 1 0/0 23:51 1:44 3:01
Mackenze Stewart 0 0 0 0 0 0 0 0 0 0 0/0 0:00 0:00 0:00
Mikko Vainonen 0 0 0 1 0 0 0 0 0 0 0/0 12:02 0:00 0:00
Nikolay Prokhorkin 0 0 0 0 0 0 0 0 0 0 0/0 5:42 0:00 0:00
Peter Andersson 0 0 0 -2 0 1 0 1 1 0 0/0 17:41 0:27 1:08
Trevor Lewis 1 1 2 0 0 8 2 0 1 0 7/12 18:17 0:31 0:53
Vincent Dunn 0 0 0 0 0 0 0 0 0 0 0/0 2:23 0:00 0:00
William Karlsson 1 0 1 -2 0 1 2 0 1 1 17/37 18:34 1:40 0:53
Zach Stepan 0 0 0 -1 2 4 0 1 2 1 5/11 14:59 0:00 0:00
3 Stars
1 - Bo Horvat (VJB)
2 - Andre Burakovsky (VJB)
3 - Calvin de Haan (VJB)
Power Play
Influenza - 1 on 3 Attempt(s) - 33.33%
Thunder - 1 on 2 Attempt(s) - 50.00%
Penalty Kill
Influenza - 1 on 2 Attempt(s) - 50.00%
- Score 0 goal in Penalty Kill
Thunder - 2 on 3 Attempt(s) - 66.67%
- Score 0 goal in Penalty Kill
Team Stat
Influenza - Hits : 22 - Faceoff Wins : 40 - Blocked Shots : 15 - Penalty Minutes : 4
Thunder - Hits : 23 - Faceoff Wins : 32 - Blocked Shots : 10 - Penalty Minutes : 6
Official
Referees : Unknown
Linesman : Unknown
Game Notes
4:46 of 1st period - Influenza goal is going for a video replay. After video review, Goal.
Roland McKeown is injured at 6:23 of 1st period (Bruised Left Leg)
Jussi Rynnas enters game at 3:37 of 2nd period
13:16 of 2nd period - Influenza goal is going for a video replay. After video review, No Goal. The puck has entered the net after making contact with an attacking player’s stick that is above the height of the crossbar.
Finance
Level 1 -- Attendance: 1585 (79.25%) -- Ticket Income $63,400
Level 2 -- Attendance: 725 (72.50%) -- Ticket Income $14,500
Total Attendance: 2310 (77.00%)
Total Ticket Income: $77,900
Other Income: $3,895
Total Income: $81,795
Influenza
5 vs 5 Forward
Center Left Wing Right Wing Time % Phy DF OF
1 Jake Guentzel Jimmy Vesey Anthony Mantha 40 1 2 2
2 Bo Horvat Andre Burakovsky Iiro Pakarinen 30 1 2 2
3 Zac Dalpe Kasperi Kapanen Nick Ritchie 20 1 2 2
4 Jacob Josefson Justin Bailey Lucas Lessio 10 1 2 2
5 vs 5 Defense
Defense Defense Time % Phy DF OF
1 Calvin de Haan Paul Ladue 40 1 2 2
2 Aaron Ekblad Tim Erixon 30 1 2 2
3 Dmitry Sinitsyn Roland McKeown 20 1 2 2
4 Calvin de Haan Aaron Ekblad 10 1 2 2
PowerPlay Forward
Center Left Wing Right Wing Time % Phy DF OF
1 Jake Guentzel Jimmy Vesey Iiro Pakarinen 60 1 2 2
2 Bo Horvat Lucas Lessio Justin Bailey 40 1 2 2
PowerPlay Defense
Defense Defense Time % Phy DF OF
1 Calvin de Haan Aaron Ekblad 60 1 2 2
2 Paul Ladue Tim Erixon 40 1 2 2
Penalty Kill 4 Players Forward
Center Wing Time % Phy DF OF
1 Zac Dalpe Anthony Mantha 60 1 2 2
2 Bo Horvat Andre Burakovsky 40 1 2 2
Penalty Kill 4 Players Defense
Defense Defense Time % Phy DF OF
1 Calvin de Haan Tim Erixon 60 1 2 2
2 Paul Ladue Dmitry Sinitsyn 40 1 2 2
Penalty Kill - 3 Players Forward
Forward Time % Phy DF OF
1 Zac Dalpe 60 1 2 2
2 Bo Horvat 40 1 2 2
Penalty Kill - 3 Players Defense
Defense Defense Time % Phy DF OF
1 Calvin de Haan Tim Erixon 60 1 2 2
2 Paul Ladue Dmitry Sinitsyn 40 1 2 2
4 vs 4 Forward
Center Wing Time % Phy DF OF
1 Jake Guentzel Anthony Mantha 60 1 2 2
2 Bo Horvat Andre Burakovsky 40 1 2 2
4 vs 4 Defense
Defense Defense Time % Phy DF OF
1 Calvin de Haan Aaron Ekblad 60 1 2 2
2 Paul Ladue Tim Erixon 40 1 2 2
Last Minutes Offensive
Center Left Wing Right Wing Defense Defense
Jake Guentzel Jimmy Vesey Justin Bailey Calvin de Haan Paul Ladue
Last Minutes Defensive
Center Left Wing Right Wing Defense Defense
Zac Dalpe Andre Burakovsky Anthony Mantha Calvin de Haan Paul Ladue
Goaltenders
Starting : Malcolm Subban
Backup : Tyson Sexsmith
Extra Forwards
Normal : Bo Horvat, Nick Ritchie, Jake Guentzel - PP : Bo Horvat, Anthony Mantha - PK : Jimmy Vesey
Extra Defensemen
Normal : Aaron Ekblad, Tim Erixon, Calvin de Haan - PP : Tim Erixon - PK : Paul Ladue, Calvin de Haan
Penalty Shots
Andre Burakovsky, Zac Dalpe, Jake Guentzel, Anthony Mantha, Jimmy Vesey
Scratches
Jordan Schroeder (Healthy), Shane Prince (Healthy), Jeff Corbett (Healthy), Henri Ikonen (Healthy), Johan Larsson (Healthy)
Tom Kuhnhackl (Healthy), Mitchell Moroz (Healthy), Josh Andrerson (Healthy), Jesse Graham (Healthy), Rinat Valievv (Healthy)
Luca Sbisa (Healthy), Conner Bleackley (Healthy), Brycen Martin (Healthy), Jaden Lindo (Healthy), Jamie Phillips (Healthy)
Thunder
5 vs 5 Forward
Center Left Wing Right Wing Time % Phy DF OF
1 William Karlsson Dany Roussin Eric Fehr 40 1 2 2
2 Trevor Lewis David Wolf Austin Wuthrich 30 1 2 2
3 Zach Stepan Jamie McGinn Austin Poganski 20 1 2 2
4 Jordan Weal Nikolay Prokhorkin Eric Fehr 10 1 2 2
5 vs 5 Defense
Defense Defense Time % Phy DF OF
1 Justin Falk Josh Manson 40 1 2 2
2 Joey Ryan Peter Andersson 30 1 2 2
3 Derek Forbort Mikko Vainonen 20 1 2 2
4 Gianluca Curcuruto Jesper Pettersson 10 1 2 2
PowerPlay Forward
Center Left Wing Right Wing Time % Phy DF OF
1 William Karlsson Dany Roussin Eric Fehr 60 1 2 2
2 Trevor Lewis David Wolf Austin Wuthrich 40 1 2 2
PowerPlay Defense
Defense Defense Time % Phy DF OF
1 Justin Falk Josh Manson 60 1 2 2
2 Joey Ryan Peter Andersson 40 1 2 2
Penalty Kill 4 Players Forward
Center Wing Time % Phy DF OF
1 Eric Fehr Dany Roussin 60 1 2 2
2 William Karlsson Trevor Lewis 40 1 2 2
Penalty Kill 4 Players Defense
Defense Defense Time % Phy DF OF
1 Justin Falk Josh Manson 60 1 2 2
2 Joey Ryan Peter Andersson 40 1 2 2
Penalty Kill - 3 Players Forward
Forward Time % Phy DF OF
1 Eric Fehr 60 1 2 2
2 Dany Roussin 40 1 2 2
Penalty Kill - 3 Players Defense
Defense Defense Time % Phy DF OF
1 Justin Falk Josh Manson 60 1 2 2
2 Joey Ryan Peter Andersson 40 1 2 2
4 vs 4 Forward
Center Wing Time % Phy DF OF
1 Eric Fehr Dany Roussin 60 1 2 2
2 William Karlsson Trevor Lewis 40 1 2 2
4 vs 4 Defense
Defense Defense Time % Phy DF OF
1 Justin Falk Josh Manson 60 1 2 2
2 Joey Ryan Peter Andersson 40 1 2 2
Last Minutes Offensive
Center Left Wing Right Wing Defense Defense
William Karlsson Dany Roussin Eric Fehr Justin Falk Josh Manson
Last Minutes Defensive
Center Left Wing Right Wing Defense Defense
William Karlsson Dany Roussin Eric Fehr Justin Falk Josh Manson
Goaltenders
Starting : Niklas Treutle
Backup : Jussi Rynnas
Extra Forwards
Normal : Vincent Dunn, Colby Cave, Artur Gavrus - PP : Vincent Dunn, Colby Cave - PK : Artur Gavrus
Extra Defensemen
Normal : Emil Johansson, Mackenze Stewart, Derek Forbort - PP : Emil Johansson - PK : Mackenze Stewart, Derek Forbort
Penalty Shots
Eric Fehr, Dany Roussin, William Karlsson, Trevor Lewis, David Wolf
Scratches
Jarrod Maidens (Healthy)
% Time on Ice - Influenza
Lines # - Real PCT - Wanted PCT - Time Play
Normal Forward
1 - 34% - 40% - 18:20
2 - 26% - 30% - 14:06
3 - 22% - 20% - 11:45
4 - 18% - 10% - 9:29
Normal Defense
1 - 39% - 40% - 21:06
2 - 27% - 30% - 14:44
3 - 27% - 20% - 14:33
4 - 6% - 10% - 3:17
PP Forward
1 - 68% - 60% - 2:50
2 - 32% - 40% - 1:19
PP Defense
1 - 61% - 60% - 2:33
2 - 39% - 40% - 1:36
PK Forward
1 - 100% - 60% - 1:23
2 - 0% - 40% - 0:00
PK Defense
1 - 54% - 60% - 0:45
2 - 46% - 40% - 0:38
PK3 Forward
1 - 100% - 60% - 0:48
2 - 0% - 40% - 0:00
PK3 Defense
1 - 100% - 60% - 0:48
2 - 0% - 40% - 0:00
44 Forward
1 - 0% - 60%
2 - 0% - 40%
44 Defense
1 - 0% - 60%
2 - 0% - 40%
Last Minute Offensive - 0:00
Last Minute Defensive - 0:00
Total
Forward - 60:00
Defense - 60:00
|
% Time on Ice - Thunder
Lines # - Real PCT - Wanted PCT - Time Play
Normal Forward
1 - 30% - 40% - 16:10
2 - 31% - 30% - 16:53
3 - 28% - 20% - 14:55
4 - 11% - 10% - 5:42
Normal Defense
1 - 36% - 40% - 19:06
2 - 30% - 30% - 16:06
3 - 22% - 20% - 12:02
4 - 12% - 10% - 6:26
PP Forward
1 - 76% - 60% - 1:40
2 - 24% - 40% - 0:31
PP Defense
1 - 79% - 60% - 1:44
2 - 21% - 40% - 0:27
PK Forward
1 - 79% - 60% - 3:16
2 - 21% - 40% - 0:53
PK Defense
1 - 73% - 60% - 3:01
2 - 27% - 40% - 1:08
PK3 Forward
1 - 0% - 60%
2 - 0% - 40%
PK3 Defense
1 - 0% - 60%
2 - 0% - 40%
44 Forward
1 - 0% - 60%
2 - 0% - 40%
44 Defense
1 - 0% - 60%
2 - 0% - 40%
Last Minute Offensive - 0:00
Last Minute Defensive - 0:00
Total
Forward - 60:00
Defense - 60:00
|
Play-by-Play
1st period
0:01 of 1st period - Jake Guentzel wins face-off versus Dany Roussin in neutral zone.
0:51 of 1st period - Wrist shot by Jamie McGinn.
0:51 of 1st period - Stopped by Malcolm Subban without a rebound.
0:52 of 1st period - Zac Dalpe wins face-off versus Zach Stepan in Influenza zone.
0:59 of 1st period - Wrist shot by Zac Dalpe.
0:59 of 1st period - Deflect By Nick Ritchie.
0:59 of 1st period - Stopped by Niklas Treutle with a rebound.
1:34 of 1st period - Icing by Aaron Ekblad.
1:35 of 1st period - Jacob Josefson wins face-off versus Trevor Lewis in Influenza zone.
1:46 of 1st period - Wrist shot by Jimmy Vesey.
1:46 of 1st period - Stopped by Niklas Treutle with a rebound.
2:20 of 1st period - Wrist shot by Jamie McGinn.
2:20 of 1st period - Stopped by Malcolm Subban with a rebound.
2:24 of 1st period - Snap shot by Jamie McGinn.
2:24 of 1st period - Stopped by Malcolm Subban without a rebound.
2:25 of 1st period - William Karlsson wins face-off versus Nick Ritchie in Influenza zone.
2:28 of 1st period - Snap shot by Eric Fehr.
2:28 of 1st period - Deflect By Dany Roussin.
2:28 of 1st period - Stopped by Malcolm Subban without a rebound.
2:29 of 1st period - William Karlsson wins face-off versus Jake Guentzel in Influenza zone.
2:54 of 1st period - Wrist shot by Justin Bailey.
2:54 of 1st period - Goal by Justin Bailey - Influenza : 1 - Thunder : 0.
2:55 of 1st period - Trevor Lewis wins face-off versus Bo Horvat in neutral zone.
3:06 of 1st period - Backhand shot by Andre Burakovsky.
3:06 of 1st period - Deflect By Bo Horvat.
3:06 of 1st period - Goal by Bo Horvat - Influenza : 2 - Thunder : 0.
3:07 of 1st period - Jake Guentzel wins face-off versus William Karlsson in neutral zone.
3:34 of 1st period - Jamie McGinn is hit by Bo Horvat and loses puck.
3:50 of 1st period - Icing by Nick Ritchie.
3:51 of 1st period - Trevor Lewis wins face-off versus Zac Dalpe in Influenza zone.
4:40 of 1st period - Backhand shot by Andre Burakovsky.
4:40 of 1st period - Stopped by Niklas Treutle with a rebound.
4:42 of 1st period - Slapshot by Dmitry Sinitsyn.
4:42 of 1st period - Shot Blocked by Zach Stepan.
4:44 of 1st period - Slapshot by Roland McKeown.
4:44 of 1st period - Shot Misses the Net.
4:46 of 1st period - Slapshot by Dmitry Sinitsyn.
4:46 of 1st period - Deflect By Bo Horvat.
4:46 of 1st period - Influenza goal is going for a video replay.
4:46 of 1st period - The goal is good.
4:46 of 1st period - Goal by Bo Horvat - Influenza : 3 - Thunder : 0.
4:47 of 1st period - Jordan Weal wins face-off versus Jake Guentzel in neutral zone.
4:50 of 1st period - Paul Ladue is hit by Eric Fehr and loses puck.
4:59 of 1st period - Jimmy Vesey is hit by Justin Falk and loses puck.
6:19 of 1st period - Wrist shot by David Wolf.
6:19 of 1st period - Stopped by Malcolm Subban with a rebound.
6:21 of 1st period - Wrist shot by Austin Wuthrich.
6:21 of 1st period - Shot Misses the Net.
6:23 of 1st period - Slapshot by Peter Andersson.
6:23 of 1st period - Shot Blocked by Roland McKeown.
6:23 of 1st period - Roland McKeown from Influenza is injured at 6:23 of 1st period (Bruised Left Leg).
6:24 of 1st period - Jake Guentzel wins face-off versus William Karlsson in Influenza zone.
6:50 of 1st period - Calvin de Haan is hit by Trevor Lewis and loses puck.
6:55 of 1st period - Snap shot by David Wolf.
6:55 of 1st period - Stopped by Malcolm Subban without a rebound.
6:56 of 1st period - Bo Horvat wins face-off versus Trevor Lewis in Influenza zone.
7:21 of 1st period - Peter Andersson is hit by Justin Bailey and loses puck.
7:41 of 1st period - Snap shot by David Wolf.
7:41 of 1st period - Stopped by Malcolm Subban with a rebound.
7:43 of 1st period - Wrist shot by David Wolf.
7:43 of 1st period - Stopped by Malcolm Subban with a rebound.
8:23 of 1st period - Wrist shot by Lucas Lessio.
8:23 of 1st period - Deflect By Justin Bailey.
8:23 of 1st period - Shot Blocked by Peter Andersson.
8:23 of 1st period - Puck is out of play.
8:24 of 1st period - Jake Guentzel wins face-off versus William Karlsson in Thunder zone.
8:43 of 1st period - Paul Ladue is hit by William Karlsson.
8:49 of 1st period - Eric Fehr is hit by Anthony Mantha and loses puck.
9:06 of 1st period - Snap shot by William Karlsson.
9:06 of 1st period - Deflect By Jimmy Vesey.
9:06 of 1st period - Shot Blocked by Calvin de Haan.
9:06 of 1st period - Puck is out of play.
9:07 of 1st period - Bo Horvat wins face-off versus Zach Stepan in Influenza zone.
9:18 of 1st period - Derek Forbort is hit by Andre Burakovsky and loses puck.
9:35 of 1st period - Icing by Mikko Vainonen.
9:36 of 1st period - Zac Dalpe wins face-off versus Jordan Weal in Thunder zone.
10:27 of 1st period - Snap shot by Andre Burakovsky.
10:27 of 1st period - Deflect By Iiro Pakarinen.
10:27 of 1st period - Stopped by Niklas Treutle with a rebound.
11:00 of 1st period - Wrist shot by Calvin de Haan.
11:00 of 1st period - Shot Misses the Net.
11:18 of 1st period - Jimmy Vesey is hit by David Wolf and loses puck.
12:10 of 1st period - Snap shot by David Wolf.
12:10 of 1st period - Stopped by Malcolm Subban without a rebound.
12:11 of 1st period - Trevor Lewis wins face-off versus Zac Dalpe in Influenza zone.
12:16 of 1st period - Wrist shot by David Wolf.
12:16 of 1st period - Stopped by Malcolm Subban with a rebound.
13:13 of 1st period - Slapshot by Trevor Lewis.
13:13 of 1st period - Shot Blocked by Calvin de Haan.
13:27 of 1st period - Zac Dalpe is hit by Austin Wuthrich and loses puck.
13:52 of 1st period - Snap shot by Trevor Lewis.
13:52 of 1st period - Deflect By Calvin de Haan.
13:52 of 1st period - Shot Blocked by Aaron Ekblad.
13:52 of 1st period - Puck is out of play.
13:53 of 1st period - Jake Guentzel wins face-off versus William Karlsson in Influenza zone.
14:00 of 1st period - Snap shot by Jake Guentzel.
14:00 of 1st period - Shot Blocked by Joey Ryan.
14:02 of 1st period - Snap shot by Jake Guentzel.
14:02 of 1st period - Shot Misses the Net.
14:04 of 1st period - Wrist shot by Dmitry Sinitsyn.
14:04 of 1st period - Shot Misses the Net.
14:06 of 1st period - Slapshot by Anthony Mantha.
14:06 of 1st period - Shot Misses the Net.
14:08 of 1st period - Snap shot by Anthony Mantha.
14:08 of 1st period - Shot Misses the Net.
14:18 of 1st period - Bo Horvat is hit by Austin Poganski and loses puck.
14:42 of 1st period - Snap shot by Jesper Pettersson.
14:42 of 1st period - Stopped by Malcolm Subban without a rebound.
14:43 of 1st period - Jake Guentzel wins face-off versus William Karlsson in Influenza zone.
14:58 of 1st period - Eric Fehr is hit by Anthony Mantha and loses puck.
15:09 of 1st period - Slapshot by Jacob Josefson.
15:09 of 1st period - Shot Blocked by Gianluca Curcuruto.
15:17 of 1st period - William Karlsson is hit by Lucas Lessio.
15:29 of 1st period - Slapshot by Eric Fehr.
15:29 of 1st period - Deflect By Paul Ladue.
15:29 of 1st period - Shot Misses the Net.
15:29 of 1st period - Puck is out of play.
15:30 of 1st period - Zach Stepan wins face-off versus Jake Guentzel in Influenza zone.
15:39 of 1st period - Josh Manson is hit by Calvin de Haan and loses puck.
18:26 of 1st period - Slapshot by Lucas Lessio.
18:26 of 1st period - Deflect By Justin Bailey.
18:26 of 1st period - Shot Blocked by Josh Manson.
18:26 of 1st period - Puck is out of play.
18:27 of 1st period - Jacob Josefson wins face-off versus Trevor Lewis in Thunder zone.
18:30 of 1st period - Wrist shot by Lucas Lessio.
18:30 of 1st period - Stopped by Niklas Treutle with a rebound.
18:32 of 1st period - Slapshot by Aaron Ekblad.
18:32 of 1st period - Stopped by Niklas Treutle with a rebound.
18:34 of 1st period - Snap shot by Justin Bailey.
18:34 of 1st period - Stopped by Niklas Treutle without a rebound.
18:35 of 1st period - Jake Guentzel wins face-off versus David Wolf in Thunder zone.
18:48 of 1st period - Snap shot by David Wolf.
18:48 of 1st period - Stopped by Malcolm Subban with a rebound.
18:50 of 1st period - Slapshot by Austin Wuthrich.
18:50 of 1st period - Shot Hit the Post.
19:00 of 1st period - Dany Roussin is hit by Bo Horvat and loses puck.
19:29 of 1st period - Snap shot by Nick Ritchie.
19:29 of 1st period - Deflect By Zac Dalpe.
19:29 of 1st period - Shot Misses the Net.
19:29 of 1st period - Puck is out of play.
19:30 of 1st period - William Karlsson wins face-off versus Jimmy Vesey in Thunder zone.
19:57 of 1st period - Andre Burakovsky is hit by Jamie McGinn.
Goals for this period are 3 for Influenza vs 0 for Thunder.
Shots for this period are 10 for Influenza vs 12 for Thunder.
2nd period
0:01 of 2nd period - Jake Guentzel wins face-off versus William Karlsson in neutral zone.
0:07 of 2nd period - Slapshot by Paul Ladue.
0:07 of 2nd period - Stopped by Niklas Treutle with a rebound.
0:09 of 2nd period - Snap shot by Jimmy Vesey.
0:09 of 2nd period - Shot Misses the Net.
0:11 of 2nd period - Wrist shot by Jimmy Vesey.
0:11 of 2nd period - Stopped by Niklas Treutle without a rebound.
0:12 of 2nd period - Jake Guentzel wins face-off versus William Karlsson in Thunder zone.
0:27 of 2nd period - Snap shot by William Karlsson.
0:27 of 2nd period - Shot Misses the Net.
0:37 of 2nd period - Calvin de Haan is hit by David Wolf and loses puck.
0:44 of 2nd period - Snap shot by Trevor Lewis.
0:44 of 2nd period - Stopped by Malcolm Subban with a rebound.
0:46 of 2nd period - Slapshot by Peter Andersson.
0:46 of 2nd period - Stopped by Malcolm Subban without a rebound.
0:47 of 2nd period - William Karlsson wins face-off versus Bo Horvat in Influenza zone.
1:36 of 2nd period - Snap shot by David Wolf.
1:36 of 2nd period - Shot Misses the Net.
1:38 of 2nd period - Snap shot by Trevor Lewis.
1:38 of 2nd period - Stopped by Malcolm Subban with a rebound.
1:40 of 2nd period - Snap shot by Trevor Lewis.
1:40 of 2nd period - Deflect By David Wolf.
1:40 of 2nd period - Shot Misses the Net.
1:40 of 2nd period - Puck is out of play.
1:41 of 2nd period - Jake Guentzel wins face-off versus William Karlsson in Influenza zone.
1:43 of 2nd period - Icing by Jimmy Vesey.
1:44 of 2nd period - Jake Guentzel wins face-off versus William Karlsson in Influenza zone.
1:53 of 2nd period - Wrist shot by Jimmy Vesey.
1:53 of 2nd period - Stopped by Niklas Treutle with a rebound.
1:55 of 2nd period - Snap shot by Anthony Mantha.
1:55 of 2nd period - Shot Misses the Net.
1:57 of 2nd period - Wrist shot by Jimmy Vesey.
1:57 of 2nd period - Shot Blocked by Justin Falk.
1:59 of 2nd period - Wrist shot by Jake Guentzel.
1:59 of 2nd period - Stopped by Niklas Treutle with a rebound.
2:09 of 2nd period - Slapshot by Justin Falk.
2:09 of 2nd period - Deflect By Iiro Pakarinen.
2:09 of 2nd period - Stopped by Malcolm Subban without a rebound.
2:10 of 2nd period - Bo Horvat wins face-off versus Zach Stepan in Influenza zone.
2:10 of 2nd period - Bo Horvat is hit by Jamie McGinn.
2:16 of 2nd period - Slapshot by Andre Burakovsky.
2:16 of 2nd period - Shot Misses the Net.
2:36 of 2nd period - Aaron Ekblad is hit by William Karlsson and loses puck.
3:19 of 2nd period - Slapshot by Justin Falk.
3:19 of 2nd period - Shot Blocked by Paul Ladue.
3:26 of 2nd period - Minor Penalty to Jamie McGinn for Hooking.
3:27 of 2nd period - Jake Guentzel wins face-off versus Eric Fehr in Thunder zone.
3:29 of 2nd period - Slapshot by Jimmy Vesey.
3:29 of 2nd period - Shot Blocked by Josh Manson.
3:35 of 2nd period - Slapshot by Jake Guentzel.
3:35 of 2nd period - Stopped by Niklas Treutle with a rebound.
3:37 of 2nd period - Slapshot by Calvin de Haan.
3:37 of 2nd period - Goal by Calvin de Haan - Influenza : 4 - Thunder : 0.
3:37 of 2nd period - Jussi Rynnas enters game.
3:38 of 2nd period - Jake Guentzel wins face-off versus William Karlsson in neutral zone.
3:55 of 2nd period - Dany Roussin is hit by Anthony Mantha.
3:59 of 2nd period - Calvin de Haan is hit by Justin Falk and loses puck.
4:10 of 2nd period - Slapshot by Jimmy Vesey.
4:10 of 2nd period - Shot Blocked by Justin Falk.
4:12 of 2nd period - Slapshot by Calvin de Haan.
4:12 of 2nd period - Shot Misses the Net.
4:16 of 2nd period - Snap shot by Jimmy Vesey.
4:16 of 2nd period - Stopped by Jussi Rynnas with a rebound.
4:18 of 2nd period - Wrist shot by Anthony Mantha.
4:18 of 2nd period - Deflect By Justin Falk.
4:18 of 2nd period - Shot Misses the Net.
4:18 of 2nd period - Puck is out of play.
4:19 of 2nd period - Zach Stepan wins face-off versus Bo Horvat in Thunder zone.
4:19 of 2nd period - Jamie McGinn is hit by Bo Horvat and loses puck.
4:26 of 2nd period - Snap shot by Andre Burakovsky.
4:26 of 2nd period - Stopped by Jussi Rynnas without a rebound.
4:27 of 2nd period - Zach Stepan wins face-off versus Bo Horvat in Thunder zone.
5:00 of 2nd period - Snap shot by Anthony Mantha.
5:00 of 2nd period - Stopped by Jussi Rynnas with a rebound.
5:55 of 2nd period - Minor Penalty to Andre Burakovsky for Holding.
5:56 of 2nd period - William Karlsson wins face-off versus Zac Dalpe in Influenza zone.
6:02 of 2nd period - Wrist shot by William Karlsson.
6:02 of 2nd period - Shot Misses the Net.
6:04 of 2nd period - Slapshot by Josh Manson.
6:04 of 2nd period - Stopped by Malcolm Subban without a rebound.
6:05 of 2nd period - Zac Dalpe wins face-off versus William Karlsson in Influenza zone.
6:07 of 2nd period - Minor Penalty to Anthony Mantha for High sticking.
6:08 of 2nd period - William Karlsson wins face-off versus Zac Dalpe in Influenza zone.
6:12 of 2nd period - Snap shot by William Karlsson.
6:12 of 2nd period - Shot Misses the Net.
6:14 of 2nd period - Slapshot by Josh Manson.
6:14 of 2nd period - Deflect By Dany Roussin.
6:14 of 2nd period - Shot Blocked by Calvin de Haan.
6:14 of 2nd period - Puck is out of play.
6:15 of 2nd period - William Karlsson wins face-off versus Zac Dalpe in Influenza zone.
6:29 of 2nd period - Icing by Dany Roussin.
6:30 of 2nd period - Zac Dalpe wins face-off versus William Karlsson in Thunder zone.
6:53 of 2nd period - Wrist shot by William Karlsson.
6:53 of 2nd period - Shot Misses the Net.
6:55 of 2nd period - Snap shot by William Karlsson.
6:55 of 2nd period - Goal by William Karlsson - Influenza : 4 - Thunder : 1.
6:56 of 2nd period - William Karlsson wins face-off versus Zac Dalpe in neutral zone.
6:59 of 2nd period - Calvin de Haan is hit by Eric Fehr and loses puck.
8:07 of 2nd period - Penalty to Anthony Mantha is over, Anthony Mantha is back on ice.
8:11 of 2nd period - Snap shot by Calvin de Haan.
8:11 of 2nd period - Stopped by Jussi Rynnas with a rebound.
8:21 of 2nd period - Zach Stepan is hit by Calvin de Haan and loses puck.
9:16 of 2nd period - Wrist shot by Zac Dalpe.
9:16 of 2nd period - Shot Misses the Net.
9:34 of 2nd period - Snap shot by Kasperi Kapanen.
9:34 of 2nd period - Shot Blocked by Derek Forbort.
9:48 of 2nd period - Nick Ritchie is hit by Jamie McGinn and loses puck.
10:00 of 2nd period - Snap shot by Jamie McGinn.
10:00 of 2nd period - Shot Misses the Net.
10:05 of 2nd period - Off-side.
10:06 of 2nd period - Jake Guentzel wins face-off versus Trevor Lewis in neutral zone.
10:15 of 2nd period - Slapshot by Calvin de Haan.
10:15 of 2nd period - Stopped by Jussi Rynnas with a rebound.
10:17 of 2nd period - Snap shot by Anthony Mantha.
10:17 of 2nd period - Shot Misses the Net.
10:19 of 2nd period - Wrist shot by Anthony Mantha.
10:19 of 2nd period - Shot Misses the Net.
10:21 of 2nd period - Wrist shot by Anthony Mantha.
10:21 of 2nd period - Goal by Anthony Mantha - Influenza : 5 - Thunder : 1.
10:22 of 2nd period - William Karlsson wins face-off versus Jake Guentzel in neutral zone.
10:31 of 2nd period - Snap shot by Jimmy Vesey.
10:31 of 2nd period - Deflect By Eric Fehr.
10:31 of 2nd period - Shot Misses the Net.
10:31 of 2nd period - Puck is out of play.
10:32 of 2nd period - William Karlsson wins face-off versus Jimmy Vesey in Thunder zone.
10:39 of 2nd period - Wrist shot by Eric Fehr.
10:39 of 2nd period - Shot Blocked by Calvin de Haan.
10:49 of 2nd period - Slapshot by Calvin de Haan.
10:49 of 2nd period - Deflect By Jake Guentzel.
10:49 of 2nd period - Stopped by Jussi Rynnas without a rebound.
10:50 of 2nd period - Bo Horvat wins face-off versus Trevor Lewis in Thunder zone.
11:15 of 2nd period - Paul Ladue is hit by Justin Falk and loses puck.
11:24 of 2nd period - Slapshot by Jimmy Vesey.
11:24 of 2nd period - Deflect By Jake Guentzel.
11:24 of 2nd period - Shot Misses the Net.
11:24 of 2nd period - Puck is out of play.
11:25 of 2nd period - Bo Horvat wins face-off versus William Karlsson in Thunder zone.
11:34 of 2nd period - Wrist shot by Iiro Pakarinen.
11:34 of 2nd period - Shot Misses the Net.
11:36 of 2nd period - Snap shot by Andre Burakovsky.
11:36 of 2nd period - Goal by Andre Burakovsky - Influenza : 6 - Thunder : 1.
11:37 of 2nd period - William Karlsson wins face-off versus Jake Guentzel in neutral zone.
12:25 of 2nd period - Minor Penalty to Zach Stepan for Hooking.
12:26 of 2nd period - Jake Guentzel wins face-off versus Eric Fehr in Thunder zone.
12:51 of 2nd period - Dany Roussin is hit by Jake Guentzel and loses puck.
12:56 of 2nd period - Wrist shot by Jimmy Vesey.
12:56 of 2nd period - Stopped by Jussi Rynnas with a rebound.
12:58 of 2nd period - Slapshot by Aaron Ekblad.
12:58 of 2nd period - Shot Blocked by Eric Fehr.
13:14 of 2nd period - Slapshot by Jimmy Vesey.
13:14 of 2nd period - Shot Misses the Net.
13:16 of 2nd period - Snap shot by Aaron Ekblad.
13:16 of 2nd period - Influenza goal is going for a video replay.
13:16 of 2nd period - The goal is refused. The puck has entered the net after making contact with an attacking player’s stick that is above the height of the crossbar..
13:17 of 2nd period - Bo Horvat wins face-off versus William Karlsson in Thunder zone.
14:24 of 2nd period - Dany Roussin is hit by Justin Bailey and loses puck.
14:25 of 2nd period - Penalty to Zach Stepan is over, Zach Stepan is back on ice.
14:36 of 2nd period - Off-side.
14:37 of 2nd period - Zac Dalpe wins face-off versus Zach Stepan in neutral zone.
14:42 of 2nd period - Wrist shot by Zach Stepan.
14:42 of 2nd period - Shot Blocked by Zac Dalpe.
14:44 of 2nd period - Wrist shot by Jamie McGinn.
14:44 of 2nd period - Stopped by Malcolm Subban without a rebound.
14:45 of 2nd period - Trevor Lewis wins face-off versus Jake Guentzel in Influenza zone.
14:48 of 2nd period - Wrist shot by David Wolf.
14:48 of 2nd period - Deflect By Trevor Lewis.
14:48 of 2nd period - Shot Misses the Net.
14:48 of 2nd period - Puck is out of play.
14:49 of 2nd period - Trevor Lewis wins face-off versus Jimmy Vesey in Influenza zone.
15:16 of 2nd period - Paul Ladue is hit by Eric Fehr and loses puck.
15:55 of 2nd period - Slapshot by Joey Ryan.
15:55 of 2nd period - Stopped by Malcolm Subban with a rebound.
16:11 of 2nd period - David Wolf is hit by Anthony Mantha and loses puck.
16:36 of 2nd period - Backhand shot by Jamie McGinn.
16:36 of 2nd period - Shot Blocked by Dmitry Sinitsyn.
16:38 of 2nd period - Snap shot by Joey Ryan.
16:38 of 2nd period - Stopped by Malcolm Subban without a rebound.
16:39 of 2nd period - Zach Stepan wins face-off versus Andre Burakovsky in Influenza zone.
16:42 of 2nd period - Wrist shot by Jamie McGinn.
16:42 of 2nd period - Stopped by Malcolm Subban with a rebound.
16:44 of 2nd period - Snap shot by Austin Poganski.
16:44 of 2nd period - Shot Blocked by Paul Ladue.
16:54 of 2nd period - Snap shot by Zach Stepan.
16:54 of 2nd period - Shot Misses the Net.
17:04 of 2nd period - William Karlsson is hit by Paul Ladue and loses puck.
17:55 of 2nd period - Slapshot by Justin Falk.
17:55 of 2nd period - Deflect By Eric Fehr.
17:55 of 2nd period - Shot Blocked by Dmitry Sinitsyn.
17:55 of 2nd period - Puck is out of play.
17:56 of 2nd period - Jake Guentzel wins face-off versus Zach Stepan in Influenza zone.
18:03 of 2nd period - Snap shot by Jimmy Vesey.
18:03 of 2nd period - Stopped by Jussi Rynnas without a rebound.
18:04 of 2nd period - Zach Stepan wins face-off versus Jake Guentzel in Thunder zone.
18:15 of 2nd period - Off-side.
18:16 of 2nd period - Jimmy Vesey wins face-off versus William Karlsson in neutral zone.
19:19 of 2nd period - Mikko Vainonen is hit by Aaron Ekblad and loses puck.
19:26 of 2nd period - Kasperi Kapanen is hit by Austin Poganski.
19:32 of 2nd period - Snap shot by Zach Stepan.
19:32 of 2nd period - Shot Blocked by Zac Dalpe.
19:34 of 2nd period - Wrist shot by Zach Stepan.
19:34 of 2nd period - Stopped by Malcolm Subban without a rebound.
19:35 of 2nd period - William Karlsson wins face-off versus Jake Guentzel in Influenza zone.
Goals for this period are 3 for Influenza vs 1 for Thunder.
Shots for this period are 17 for Influenza vs 11 for Thunder.
3rd period
0:01 of 3rd period - William Karlsson wins face-off versus Jake Guentzel in neutral zone.
0:06 of 3rd period - Jimmy Vesey is hit by Justin Falk and loses puck.
0:45 of 3rd period - Snap shot by Jamie McGinn.
0:45 of 3rd period - Stopped by Malcolm Subban with a rebound.
0:47 of 3rd period - Snap shot by Jamie McGinn.
0:47 of 3rd period - Stopped by Malcolm Subban without a rebound.
0:48 of 3rd period - Jacob Josefson wins face-off versus Zach Stepan in Influenza zone.
1:01 of 3rd period - Aaron Ekblad is hit by Austin Poganski and loses puck.
1:12 of 3rd period - Mikko Vainonen is hit by Justin Bailey and loses puck.
1:34 of 3rd period - Wrist shot by Jacob Josefson.
1:34 of 3rd period - Stopped by Jussi Rynnas with a rebound.
1:56 of 3rd period - Mikko Vainonen is hit by Justin Bailey and loses puck.
2:23 of 3rd period - Snap shot by Zach Stepan.
2:23 of 3rd period - Shot Misses the Net.
2:25 of 3rd period - Slapshot by Joey Ryan.
2:25 of 3rd period - Shot Misses the Net.
2:43 of 3rd period - Snap shot by Zach Stepan.
2:43 of 3rd period - Stopped by Malcolm Subban with a rebound.
3:05 of 3rd period - Aaron Ekblad is hit by Jamie McGinn and loses puck.
3:22 of 3rd period - Slapshot by Calvin de Haan.
3:22 of 3rd period - Stopped by Jussi Rynnas with a rebound.
3:24 of 3rd period - Wrist shot by Justin Bailey.
3:24 of 3rd period - Stopped by Jussi Rynnas without a rebound.
3:25 of 3rd period - William Karlsson wins face-off versus Jake Guentzel in Thunder zone.
3:25 of 3rd period - William Karlsson is hit by Jimmy Vesey.
3:35 of 3rd period - Slapshot by Justin Falk.
3:35 of 3rd period - Stopped by Malcolm Subban with a rebound.
3:37 of 3rd period - Wrist shot by Eric Fehr.
3:37 of 3rd period - Shot Blocked by Calvin de Haan.
3:39 of 3rd period - Slapshot by Justin Falk.
3:39 of 3rd period - Stopped by Malcolm Subban with a rebound.
3:41 of 3rd period - Wrist shot by Dany Roussin.
3:41 of 3rd period - Stopped by Malcolm Subban with a rebound.
3:58 of 3rd period - Snap shot by Trevor Lewis.
3:58 of 3rd period - Stopped by Malcolm Subban without a rebound.
3:59 of 3rd period - Bo Horvat wins face-off versus William Karlsson in Influenza zone.
4:16 of 3rd period - Derek Forbort is hit by Andre Burakovsky.
4:33 of 3rd period - Minor Penalty to Jesper Pettersson for Hooking.
4:34 of 3rd period - Jimmy Vesey wins face-off versus Eric Fehr in Thunder zone.
5:32 of 3rd period - Snap shot by Anthony Mantha.
5:32 of 3rd period - Deflect By Dany Roussin.
5:32 of 3rd period - Stopped by Jussi Rynnas without a rebound.
5:33 of 3rd period - Eric Fehr wins face-off versus Jake Guentzel in Thunder zone.
6:33 of 3rd period - Penalty to Jesper Pettersson is over, Jesper Pettersson is back on ice.
7:24 of 3rd period - Slapshot by Justin Falk.
7:24 of 3rd period - Stopped by Malcolm Subban with a rebound.
8:40 of 3rd period - Slapshot by Eric Fehr.
8:40 of 3rd period - Stopped by Malcolm Subban with a rebound.
9:13 of 3rd period - Derek Forbort is hit by Anthony Mantha and loses puck.
9:41 of 3rd period - Bo Horvat is hit by Derek Forbort and loses puck.
9:56 of 3rd period - Peter Andersson is hit by Nick Ritchie and loses puck.
10:14 of 3rd period - Off-side.
10:15 of 3rd period - Trevor Lewis wins face-off versus Jimmy Vesey in neutral zone.
10:24 of 3rd period - Slapshot by Trevor Lewis.
10:24 of 3rd period - Stopped by Malcolm Subban without a rebound.
10:25 of 3rd period - Trevor Lewis wins face-off versus Jake Guentzel in Influenza zone.
10:26 of 3rd period - Slapshot by David Wolf.
10:26 of 3rd period - Stopped by Malcolm Subban without a rebound.
10:27 of 3rd period - Jake Guentzel wins face-off versus Austin Wuthrich in Influenza zone.
10:58 of 3rd period - Snap shot by Dany Roussin.
10:58 of 3rd period - Stopped by Malcolm Subban without a rebound.
10:59 of 3rd period - Jake Guentzel wins face-off versus William Karlsson in Influenza zone.
11:10 of 3rd period - Snap shot by Calvin de Haan.
11:10 of 3rd period - Stopped by Jussi Rynnas with a rebound.
11:42 of 3rd period - Calvin de Haan is hit by David Wolf and loses puck.
12:16 of 3rd period - Wrist shot by David Wolf.
12:16 of 3rd period - Stopped by Malcolm Subban with a rebound.
13:08 of 3rd period - Snap shot by David Wolf.
13:08 of 3rd period - Goal by David Wolf - Influenza : 6 - Thunder : 2.
13:09 of 3rd period - William Karlsson wins face-off versus Bo Horvat in neutral zone.
14:48 of 3rd period - Icing by Jordan Weal.
14:49 of 3rd period - Jacob Josefson wins face-off versus Jordan Weal in Thunder zone.
14:50 of 3rd period - Wrist shot by Lucas Lessio.
14:50 of 3rd period - Shot Misses the Net.
15:17 of 3rd period - Off-side.
15:18 of 3rd period - Bo Horvat wins face-off versus Austin Wuthrich in neutral zone.
15:37 of 3rd period - Andre Burakovsky is hit by Trevor Lewis.
15:53 of 3rd period - Slapshot by Iiro Pakarinen.
15:53 of 3rd period - Stopped by Jussi Rynnas with a rebound.
16:01 of 3rd period - Snap shot by Trevor Lewis.
16:01 of 3rd period - Stopped by Malcolm Subban with a rebound.
16:03 of 3rd period - Wrist shot by David Wolf.
16:03 of 3rd period - Shot Blocked by Tim Erixon.
16:05 of 3rd period - Wrist shot by Austin Wuthrich.
16:05 of 3rd period - Stopped by Malcolm Subban with a rebound.
16:07 of 3rd period - Snap shot by Austin Wuthrich.
16:07 of 3rd period - Stopped by Malcolm Subban with a rebound.
16:09 of 3rd period - Wrist shot by Trevor Lewis.
16:09 of 3rd period - Stopped by Malcolm Subban without a rebound.
16:10 of 3rd period - William Karlsson wins face-off versus Jake Guentzel in Influenza zone.
16:11 of 3rd period - Slapshot by Dany Roussin.
16:11 of 3rd period - Stopped by Malcolm Subban without a rebound.
16:12 of 3rd period - Jake Guentzel wins face-off versus William Karlsson in Influenza zone.
16:42 of 3rd period - Snap shot by Zach Stepan.
16:42 of 3rd period - Stopped by Malcolm Subban with a rebound.
16:55 of 3rd period - Icing by Jamie McGinn.
16:56 of 3rd period - Jordan Weal wins face-off versus Jacob Josefson in Thunder zone.
17:26 of 3rd period - Snap shot by Trevor Lewis.
17:26 of 3rd period - Shot Blocked by Anthony Mantha.
17:46 of 3rd period - Slapshot by Zach Stepan.
17:46 of 3rd period - Stopped by Malcolm Subban without a rebound.
17:47 of 3rd period - William Karlsson wins face-off versus Bo Horvat in Influenza zone.
18:20 of 3rd period - Snap shot by Jamie McGinn.
18:20 of 3rd period - Stopped by Malcolm Subban without a rebound.
18:21 of 3rd period - Jake Guentzel wins face-off versus William Karlsson in Influenza zone.
19:15 of 3rd period - Wrist shot by Trevor Lewis.
19:15 of 3rd period - Stopped by Malcolm Subban with a rebound.
19:17 of 3rd period - Backhand shot by Trevor Lewis.
19:17 of 3rd period - Goal by Trevor Lewis - Influenza : 6 - Thunder : 3.
19:18 of 3rd period - Jake Guentzel wins face-off versus William Karlsson in neutral zone.
Goals for this period are 0 for Influenza vs 2 for Thunder.
Shots for this period are 6 for Influenza vs 24 for Thunder.
Back to the Top